 Dungeon Crawl Stone Soup version 0.20-a0-1050-g57248f3 (webtiles) character file.

382 Gorglomux the Skirmisher (level 6, -4/57 HPs)
             Began as a Hill Orc Air Elementalist on Apr 25, 2017.
             Slain by a bullfrog (5 damage)
             ... on level 4 of the Dungeon.
             The game lasted 00:13:29 (4204 turns).

Gorglomux the Skirmisher (HOAE)                     Turns: 4204, Time: 00:13:30

Health: -4/57      AC:  3    Str: 16 (18) XL:     6   Next: 76%
Magic:  13/17      EV: 11    Int: 15 (18) God:
Gold:   240        SH:  0    Dex: 10 (11) Spells: 7/8 levels left

rFire    . . .     SeeInvis .   w - +0 war axe
rCold    . . .     Gourm    .   (no shield)
rNeg     . . .     Faith    .   o - +0 leather armour
rPois    .         Spirit   .   (no helmet)
rElec    .         Reflect  .   (no cloak)
rCorr    .         Harm     .   (no gloves)
MR       .....                  (no boots)
Stlth    +.........             (no amulet)
Regen    0.2/turn               q - ring of magical power {MP+9}
MPRegen  0.2/turn               l - +3 ring of intelligence

@: mighty
A: no striking features
a: no special abilities


You were on level 4 of the Dungeon.
You were hungry.

You visited 1 branch of the dungeon, and saw 4 of its levels.

You collected 240 gold pieces.

Inventory:

Hand Weapons
 e - a +0 dagger
   (You took it off a kobold on level 1 of the Dungeon)
 u - a +0 hand axe
   (You took it off an orc on level 3 of the Dungeon)
 w - a +0 war axe (weapon)
   (You found it on level 3 of the Dungeon)
Armour
 a - a +0 robe
 o - a +0 leather armour (worn)
   (You found it on level 2 of the Dungeon)
Jewellery
 l - a +3 ring of intelligence (right hand)
   (You found it on level 1 of the Dungeon)
 q - a ring of magical power (left hand) {MP+9}
   (You found it on level 2 of the Dungeon)
Scrolls
 d - a scroll of fog {unknown}
 g - a scroll of amnesia
 j - 3 scrolls of identify
 k - 5 scrolls of recharging
 m - a scroll of enchant weapon {unknown}
 r - a scroll of magic mapping {unknown}
 s - a scroll of fear {unknown}
 y - a scroll of blinking {unknown}
Potions
 h - a potion of ambrosia
 i - a potion of heal wounds {unknown}
 p - a potion of degeneration {!q}
 t - a potion of lignification {unknown}
 v - a potion of mutation {unknown}
 x - a potion of brilliance
 z - a potion of might
 B - a potion of curing {unknown}
Books
 b - a book of Air
Comestibles
 c - 5 bread rations {@e1@e1}
 f - a fruit
 n - a meat ration {@e2@e2}


   Skills:
 - Level 5.9 Fighting
 + Level 5.4 Axes
 - Level 1.5 Dodging
 - Level 1.5 Stealth
 - Level 1.5 Spellcasting
 - Level 1.0 Conjurations
 - Level 2.4 Air Magic


You had 7 spell levels left.
You knew the following spells:

 Your Spells              Type           Power        Failure   Level  Hunger
a - Shock                 Conj/Air       #...         14%         1    ##.....


Dungeon Overview and Level Annotations

Branches:
Dungeon (4/15)
 Temple: D:4-7

Altars:
Fedhas
Hepliaklqana
Kikubaaqudgha


Message History

You eat one of the 3 chunks of flesh {@w0@w0}.
You feel a little less clever now.
You regained 8 hp, and now have 23/57 hp.
You regained 7 mp, and now have 15/17 mp.
You start resting.
You regained 30 hp, and now have 53/57 hp.
MP restored: 17
Aim: a hound (hasn't noticed you)
You miscast Shock.
You are very lightly contaminated with residual magic.
Nothing appears to happen.
You now have 16/17 mp.
Unknown command.
Aim: a hound The zap hits the hound. x2
You now have 15/17 mp.
Unknown command.
Aim: a hound (moderately wounded)
You miscast Shock.
Nothing appears to happen.
You now have 14/17 mp.
The hound bites you.
You take 5 damage, and have 49/57 hp.
Unknown command.
You hit the hound. The hound barely misses you. The hound bites you.
You take 2 damage, and have 47/57 hp.
You hit the hound but do no damage. The hound barely misses you. x2
Unknown command.
You hit the hound. The hound bites you. x2
You take 5 damage, and have 43/57 hp.
Unknown command.
You barely miss the hound. The hound bites you. The hound barely misses you.
You take 4 damage, and have 39/57 hp.
You hit the hound. The hound bites you but does no damage.
The hound barely misses you.
You barely miss the hound. The hound closely misses you. The hound bites you.
You take 1 damage, and have 38/57 hp.
You closely miss the hound. The hound bites you but does no damage.
You slash the hound!
You kill the hound!
No target in view!
Things that are here:
a dagger; a glowing robe
Items here: )) [ รท a hand axe; a leather armour; a long sword; an orc skeleton; MP restored: 17 You see here a jackal skeleton.
Things that are here:
a hand axe; an orc skeleton
B - a lumpy ruby potion
Things that are here:
a mace; an orc skeleton All of the chunks of flesh in your inventory have rotted away.
k - 5 scrolls of recharging (gained 1)
You see here a jackal skeleton.
You are feeling hungry.
You regained 2 hp, and now have 42/57 hp.
Your magical contamination has completely faded away.
y - a scroll labeled ZUXEUFFIRU You regained 6 hp, and now have 49/57 hp.
A bullfrog comes into view.
A bullfrog is nearby!
A bullfrog is nearby!
A bullfrog is nearby!
A bullfrog is nearby!
A bullfrog is nearby!
The bullfrog croaks.
The bullfrog closely misses you. The bullfrog hits you.
You hit the bullfrog. The bullfrog closely misses you. The bullfrog hits you.
You take 8 damage, and have 43/57 hp.
You barely miss the bullfrog. The bullfrog hits you.
You hit the bullfrog. The bullfrog hits you. x2
You take 16 damage, and have 27/57 hp.
MASSIVE DAMAGE!!
The bullfrog closely misses you.
The zap hits the bullfrog.
The zap misses the bullfrog.
The bullfrog hits you.
You take 6 damage, and have 21/57 hp.
You now have 16/17 mp.
Unknown command.
The zap hits the bullfrog. x2; The bullfrog closely misses you.
The bullfrog hits you.
You take 3 damage, and have 18/57 hp.
You now have 15/17 mp.
Unknown command.
The zap hits the bullfrog.
The zap misses the bullfrog.
The bullfrog hits you!
* * * LOW HITPOINT WARNING * * *
You take 7 damage, and have 11/57 hp.
You now have 14/17 mp.
The zap hits the bullfrog. x2; The bullfrog hits you!
* * * LOW HITPOINT WARNING * * *
The bullfrog completely misses you.
You take 7 damage, and have 4/57 hp.
You now have 13/17 mp.
It was a potion of might.
You feel very mighty all of a sudden. The bullfrog hits you.
* * * LOW HITPOINT WARNING * * *
You take 3 damage, and have 1/57 hp.
It was a potion of degeneration.
There was something very wrong with that liquid.
You feel weakened.
You feel dopey.
You feel clumsy. The bullfrog barely misses you. The bullfrog hits you.
You die...

.# ##. #.. ##.# ## #..# . #.
#.#####..####... #.#
#..............# #.# #.@F..##.
##. ##..#.....###..#####
#.....##....#.#....( ####..####
##.#.#.#### ###### ###.....#
#.....#### .....# ##...##..#
#.####.........
.....###..####............#.#####
.....##..####...##.#####....# #
...............## # ##..### #


You could see a bullfrog.

Vanquished Creatures
  A hound (D:4)
  An orc priest (D:4)
  2 orc wizards (D:4)
  Natasha (thrice) (D:3)
  2 worker ants (D:4)
  5 adders
  An adder skeleton (D:2)
  A worm (D:2)
  A dart slug (D:1)
  3 leopard geckos
  5 orcs
  8 bats
  A bat skeleton (D:2)
  A bat zombie (D:2)
  4 giant cockroaches
  7 goblins
  5 hobgoblins
  9 jackals
  3 quokkas
  A ball python zombie (D:2)
  5 frilled lizards
  A giant cockroach zombie (D:2)
  8 kobolds
  A leopard gecko zombie (D:2)
  2 quokka skeletons
  7 rats
88 creatures vanquished.

Vanquished Creatures (others)
  A jackal (D:1)
1 creature vanquished.

Grand Total: 89 creatures vanquished

Notes
Turn   | Place    | Note
-------+----------+-------------------------------------------
     0 | D:1      | Gorglomux the Hill Orc Air Elementalist began the quest for the Orb.
     0 | D:1      | Reached XP level 1. HP: 14/14 MP: 3/3
    93 | D:1      | Reached skill level 1 in Fighting
   186 | D:1      | Reached skill level 2 in Fighting
   186 | D:1      | Reached XP level 2. HP: 24/24 MP: 2/4
   593 | D:1      | Reached skill level 3 in Fighting
   593 | D:1      | Reached XP level 3. HP: 20/31 MP: 1/5
  1427 | D:2      | Reached skill level 4 in Fighting
  1698 | D:2      | Reached XP level 4. HP: 39/40 MP: 2/6
  2639 | D:3      | Gorglomux: !won . mi
  2639 | D:3      | beem: Gorglomux (mi) has won twice in 15 games (13.33%): 1xMiGl 1xMiMo
  2664 | D:3      | Reached skill level 5 in Fighting
  2665 | D:3      | Gorglomux: !oneandwon
  2679 | D:3      | beem: Chars won first try for Gorglomux: MiGl
  2958 | D:3      | Noticed Natasha
  2968 | D:3      | Killed Natasha
  2968 | D:3      | Reached XP level 5. HP: 41/48 MP: 7/7
  3023 | D:3      | Found an ancient bone altar of Kikubaaqudgha.
  3062 | D:3      | Noticed Natasha
  3076 | D:3      | Killed Natasha
  3314 | D:3      | Noticed Natasha
  3322 | D:3      | Killed Natasha
  3322 | D:3      | Reached skill level 1 in Axes
  3352 | D:3      | Reached skill level 2 in Axes
  3372 | D:3      | Found a hazy altar of Hepliaklqana.
  3569 | D:4      | Found a blossoming altar of Fedhas.
  3624 | D:4      | Reached skill level 3 in Axes
  3624 | D:4      | Reached XP level 6. HP: 23/57 MP: 8/8
  3894 | D:4      | Reached skill level 4 in Axes
  3902 | D:4      | HP: 13/57 [orc wizard/magic dart (6)]
  3903 | D:4      | Reached skill level 5 in Axes
  4201 | D:4      | HP: 11/57 [bullfrog (8)]
  4202 | D:4      | HP: 4/57 [bullfrog (7)]
  4203 | D:4      | HP: 1/57 [bullfrog (3)]
  4204 | D:4      | Slain by a bullfrog

Vault maps used:
D:1:      onia_arrival_larder
D:2:      serial_undead, serial_undead_f, serial_undead_b, serial_undead_d,
          serial_undead_c, first_bread
D:3:      lemuel_doored_altar, nicolae_overflow_hidden_temple, uniq_natasha
D:4:      overflow_temple_1_default, glass_columns_a, kennysheep_generic_room_3

Skill      XL: |  1  2  3  4  5  6 |
---------------+-------------------+-----
Fighting       | 2 3 4 5 |  5.9
Axes           | 3 5 |  5.4
Dodging        | |  1.5
Stealth        | |  1.5
Spellcasting   | |  1.5
Conjurations   | |  1.0
Air Magic      | |  2.4

Action                   |  1- 3 |  4- 6 || total
-------------------------+-------+-------++-------
Melee: Unarmed           |     5 |       ||     5
       Dagger            |   107 |   124 ||   231
       Whip              |       |     2 ||     2
       War axe           |       |    47 ||    47
       Hand axe          |       |    15 ||    15
 Cast: Shock             |    52 |    85 ||   137
  Use: Scroll            |       |     5 ||     5
       Potion            |       |     3 ||     3
 Stab: Sleeping          |     1 |       ||     1
  Eat: Chunk             |     4 |     9 ||    13
       Fruit             |       |     1 ||     1
Armor: Robe              |    35 |    17 ||    52
       Leather armour    |       |    54 ||    54
Dodge: Dodged            |    90 |   200 ||   290

Vault maps used:
D:1:      onia_arrival_larder
D:2:      serial_undead, serial_undead_f, serial_undead_b, serial_undead_d,
          serial_undead_c, first_bread
D:3:      lemuel_doored_altar, nicolae_overflow_hidden_temple, uniq_natasha
D:4:      overflow_temple_1_default, glass_columns_a, kennysheep_generic_room_3

Table legend:
 A = Turns spent in this place as a percentage of turns spent in the entire game.
 B = Non-inter-level travel turns spent in this place as a percentage of non-inter-level travel turns spent in the entire game.
 C = Inter-level travel turns spent in this place as a percentage of turns spent in this place.
 D = Turns resting spent in this place as a percentage of non-inter-level travel turns spent in this place.
 E = Turns spent auto-exploring this place as a percentage of non-inter-level travel turns spent in this place.
 F = Non-inter-level travel turns spent in this place divided by the number of levels of this place that you've seen.
                   A       B       C       D       E      F
               +-------+-------+-------+-------+-------+----------------------
         Total | 100.0 | 100.0 |   0.2 |   3.9 |   7.6 | 350.5
       Dungeon | 100.0 | 100.0 |   0.2 |   3.9 |   7.6 | 350.5
               +-------+-------+-------+-------+-------+----------------------

Table legend:
 A = Kills in this place as a percentage of kills in entire the game.
 B = Kills by you in this place as a percentage of kills by you in the entire game.
 C = Kills by friends in this place as a percentage of kills by friends in the entire game.
 D = Other kills in this place as a percentage of other kills in the entire game.
 E = Experience gained in this place as a percentage of experience gained in the entire game.
 F = Experience gained in this place divided by the number of levels of this place that you have seen.
                   A       B       C       D       E      F
               +-------+-------+-------+-------+-------+----------------------
         Total | 100.0 | 100.0 |  -nan |  -nan | 100.0 | 136.8
       Dungeon | 100.0 | 100.0 |  -nan |  -nan | 100.0 | 136.8
               +-------+-------+-------+-------+-------+----------------------
